 Dungeon Crawl Stone Soup version 0.31.0-11-ge490571c62 (webtiles) character file.

Game seed: 16729392769461520195

34 Flugkiller the Chiller (level 3, -1/16 HPs)
             Began as a Vine Stalker Ice Elementalist on Feb 3, 2024.
             Slain by a kobold
             ... wielding a +0 short sword
              (2 damage)
             ... on level 3 of the Dungeon.
             The game lasted 00:01:03 (234 turns).

Flugkiller the Chiller (VSIE)                        Turns: 234, Time: 00:01:04

Health: -1/16      AC:  2    Str: 10    XL:     3   Next: 31%
Magic:  0/8        EV: 12    Int: 17    God:
Gold:   71         SH:  0    Dex: 14    Spells: 7/8 levels left

rFire   . . .        c - +0 dagger
rCold   . . .        (no shield)
rNeg    . . .        a - +0 robe
rPois   .            (no helmet)
rElec   .            (no cloak)
rCorr   .            (no gloves)
SInv    .            (no boots)
Will    .....        (no amulet)
Stlth   ++           (no ring)
HPRegen 1.02/turn    (no ring)
MPRegen 0.11/turn

%: guardian spirit
@: lethally poisoned (-1 -> -2)
A: fangs 2, regeneration 1, magic shield, antimagic bite, no potion heal 2
a: no special abilities


You were on level 3 of the Dungeon.
You visited 1 branch of the dungeon, and saw 3 of its levels.

You collected 71 gold pieces.

Inventory:

Hand Weapons
 c - a +0 dagger (weapon)
   (You took it off a kobold on level 2 of the Dungeon)
Armour
 a - a +0 robe (worn)
Scrolls
 d - a scroll of enchant armour {unknown}
 e - a scroll of teleportation {unknown}
Potions
 b - 2 potions of magic


   Skills:
 - Level 1.5 Dodging
 - Level 2.4 Stealth
 + Level 3.1 Spellcasting
 + Level 4.5 Ice Magic


You had 7 spell levels left.
You knew the following spells:

 Your Spells              Type           Power      Damage    Failure   Level
a - Freeze                Ice            72%        1d8       2%          1

Your spell library contained the following spells:

 Spells                   Type           Power      Damage    Failure   Level
 Frozen Ramparts          Ice            36%        1d6       8%          3
 Ozocubu's Armour         Ice            18%        N/A       8%          3
 Summon Ice Beast         Ice/Summ       10%        N/A       21%         3


Dungeon Overview and Level Annotations

Branches:
Dungeon (3/15) Zot: 17766

Altars:

Shops:
D:1 =


Innate Abilities, Weirdness & Mutations

You have extremely sharp teeth.
Your natural rate of healing is unusually fast.
When hurt, damage is shared between your health and your magic reserves.
Your bite disrupts and absorbs the magic of your enemies.
Potions cannot restore your health.


Message History

Press: ? - help, Shift-Dir - straight line, f - bat
Aim: a bat You freeze the bat.
You kill the bat!
Found a stone staircase leading up.
An adder comes into view.
The adder moves out of view.
The adder hisses angrily.
An adder comes into view.
A rat comes into view.
There is a stone staircase leading down here.
The adder bites you.
You climb downwards.
You hear the sound of rushing water.
There is an entrance to a sewer on this level.
Hurry and find it before the portal rusts away!
Found 12 gold pieces and 4 javelins.
Found a stone staircase leading down.
There is a stone staircase leading up here.
Casting: Freeze (safe; 3% risk of failure)
Confirm with . or Enter, or press ? or * to list all spells.
Aiming: Freeze (safe; 3% risk of failure)
Press: ? - help, Shift-Dir - straight line, f - adder
Aim: an adder You freeze the adder.
The adder is heavily wounded.
The adder seems to slow down.
The adder closely misses you. The adder bites you.
The hobgoblin shouts!
The kobold shouts!
You hear a loud squeak.
Casting: Freeze (safe; 3% risk of failure)
Confirm with . or Enter, or press ? or * to list all spells.
Aiming: Freeze (safe; 3% risk of failure)
Press: ? - help, Shift-Dir - straight line, f - adder, p - adder
Aim: an adder You freeze the adder.
The adder is lightly wounded.
The adder bites you.
You are poisoned.
The adder poisons you!
Casting: Freeze (safe; 3% risk of failure)
Confirm with . or Enter, or press ? or * to list all spells.
Aiming: Freeze (safe; 3% risk of failure)
Press: ? - help, Shift-Dir - straight line, f/p - adder
Aim: an adder (lightly wounded)
You freeze the adder.
The adder is moderately wounded.
The adder seems to slow down.
You feel sick.
The adder is no longer moving slowly.
The adder bites you.
You are more poisoned.
The adder poisons you!
You hit the adder. Your bite misses the adder.
The adder is moderately wounded.
You feel sick.
The adder is no longer moving slowly.
The adder barely misses you.
You hit the adder.
The adder is heavily wounded.
You feel sick. The adder closely misses you.
The adder bites you but does no damage.
You hit the adder but do no damage.
The adder is heavily wounded.
You feel sick. The adder bites you.
You are more poisoned.
The adder poisons you!
You closely miss the adder.
The rat squeaks loudly.
You bite the adder.
You kill the adder!
You feel sick.
You have reached level 3!
Your experience leads to an increase in your attributes!
Increase (S)trength, (I)ntelligence, or (D)exterity?
You feel clever. x2
Unknown command.
Casting: Freeze (safe; 2% risk of failure)
Confirm with . or Enter, or press ? or * to list all spells.
Aiming: Freeze (safe; 2% risk of failure)
Press: ? - help, Shift-Dir - straight line, f - adder
Aim: an adder (heavily wounded)
You freeze the adder.
The adder is almost dead.
The adder seems to slow down.
You feel sick. The adder barely misses you.
A giant cockroach comes into view.
A ball python comes into view.
The ball python hisses angrily.
You hit the adder but do no damage.
The adder is almost dead.
You feel sick. The adder bites you.
* * * LOW HITPOINT WARNING * * *
The rat squeaks loudly.
You hit the adder.
You kill the adder!
You feel sick.
Your Spellcasting skill increases to level 3!
You hit the kobold but do no damage. Your bite misses the kobold.
You feel sick.
The kobold hits you with a +0 short sword.
* * * LOW HITPOINT WARNING * * *
Okay, then.
You hit the kobold but do no damage.
* * * LOW HITPOINT WARNING * * *
You feel sick.
The rat twitches its whiskers.
The kobold hits you with a +0 short sword.
You die...

#...##..#..
#.........#
#..$......#
#.........#
........ .....
#..# #@# ###
#K###.....
#gr.......
......B.S.....r
..............~
.............~~
......$..(...~~
.............~~
....>.........~


You could see a giant cockroach, a hobgoblin, a ball python, a kobold and a rat.

Vanquished Creatures
  2 adders (D:3)
  A dart slug (D:1)
  2 giant cockroaches (D:1)
  A hobgoblin (D:2)
  2 kobolds (D:2)
  A quokka (D:1)
  A ball python (D:1)
  3 bats (D:2)
  A frilled lizard (D:1)
  2 rats (D:2)
16 creatures vanquished.

Notes
Turn   | Place    | Note
-------+----------+-------------------------------------------
     0 | D:1      | Flugkiller the Vine Stalker Ice Elementalist began the
                  | quest for the Orb.
     0 | D:1      | Reached XP level 1. HP: 9/9 MP: 4/4
     3 | D:1      | Noticed an electric eel
     4 | D:1      | Noticed an electric eel
    73 | D:1      | Found Atitzuczuvo's Jewellery Emporium.
    95 | D:1      | Reached XP level 2. HP: 11/13 MP: 0/6
   186 | D:2      | Found a faded altar of an unknown god.
   230 | D:3      | Reached XP level 3. HP: 7/16 MP: 1/8
   234 | D:3      | Slain by a kobold

Illustrated notes

Levels and vault maps discovered:
D:1:      arrival_aquarium_b, layout_basic, serial_shops, shop,
          minmay_worlds_worst_comb
D:2:      layout_rooms, shapermc_ecumenical_altar_flowoftime,
          corexii_item_surrounded_by_moat, minmay_pentomino_pile
D:3:      layout_rooms, nicolae_dithmenos_shadow_blocks,
          mainiacjoe_overflow_catwalk_spiral, portal_sewer_entry_a

Skill      XL: |  1  2  3 |
---------------+----------+-----
Spellcasting   | 3 |  3.1
Dodging        | |  1.5
Stealth        | |  2.4
Ice Magic      | |  4.5

Action                     || total
---------------------------++-------
  Melee: Unarmed           ||    11
         Bite              ||     6
         Dagger            ||    11
   Cast: Freeze            ||    17
   Stab: Sleeping          ||     2
 Armour: Robe              ||    28
  Dodge: Dodged            ||    19
